 Dungeon Crawl Stone Soup version 0.29-a0-575-g0dc89cf053 (webtiles) character file.

Game seed: 9088053972383845133

99 Patoropollo the Cudgeller (level 4, -1/39 HPs)
             Began as a Minotaur Fighter on June 12, 2022.
             Slain by a wyvern (16 damage)
             ... on level 4 of the Dungeon.
             The game lasted 00:04:40 (3359 turns).

Patoropollo the Cudgeller (Minotaur Fighter)        Turns: 3359, Time: 00:04:41

Health: -1/39      AC:  6    Str: 29    XL:     4   Next: 45%
Magic:  3/3        EV:  8    Int:  5    God:
Gold:   222        SH:  8    Dex:  9    Spells: 3/3 levels left

rFire   . . .      SeeInvis .   a - +0 flail
rCold   . . .      Faith    .   v - +0 kite shield
rNeg    . . .      Spirit   .   b - +0 scale mail
rPois   .          Reflect  .   (helmet restricted)
rElec   .          Harm     .   (no cloak)
rCorr   .          Rampage  .   (no gloves)
Will    .....                   (no boots)
Stlth   ..........              (no amulet)
HPRegen 0.13/turn               n - +6 ring of strength
MPRegen 0.08/turn               (no ring)

@: no status effects
A: horns 2, retaliatory headbutt
a: no special abilities


You were on level 4 of the Dungeon.
You visited 1 branch of the dungeon, and saw 4 of its levels.

You collected 325 gold pieces.
You spent 103 gold pieces at shops.

Inventory:

Hand Weapons
 a - a +0 flail (weapon)
Armour
 b - a +0 scale mail (worn)
 v - a +0 kite shield (worn)
Jewellery
 n - a +6 ring of strength (left hand)
Scrolls
 c - 2 scrolls of magic mapping {unknown}
 e - a scroll of enchant armour {unknown}
 g - 6 scrolls of identify {unknown}
 h - a scroll of vulnerability {unknown}
 i - a scroll of amnesia {unknown}
 l - 3 scrolls of teleportation {unknown}
 o - a scroll of poison {unknown}
 p - a scroll of brand weapon {unknown}
 s - 2 scrolls of torment {unknown}
 u - a scroll of noise {unknown}
Potions
 d - a potion of might
 f - 5 potions of mutation {unknown}
 j - a potion of berserk rage {unknown}
 k - a potion of ambrosia {unknown}
 m - a potion of curing {unknown}
 q - 2 potions of flight {unknown}
 r - 2 potions of heal wounds {unknown}
 t - a potion of brilliance {unknown}
 w - a potion of lignification {unknown}


   Skills:
 - Level 3.6 Fighting
 + Level 5.8 Maces & Flails
 - Level 3.6 Armour
 - Level 3.6 Shields


You had 3 spell levels left.
You didn't know any spells.
Your spell library was empty.

Dungeon Overview and Level Annotations

Branches:
Dungeon (4/15)
 Temple: D:4-7

Altars:

Shops:
D:2 (   D:4 [


Innate Abilities, Weirdness & Mutations

You have a pair of horns on your head.
You reflexively headbutt those who attack you in melee.


Message History

An endoplasm is nearby!
Found a stone staircase leading up.
You block the endoplasm's attack.
You hit the endoplasm but do no damage. You headbutt the endoplasm.
The endoplasm is heavily wounded.
The endoplasm hits you but does no damage.
You hit the endoplasm.
You kill the endoplasm!
No target in view!
r - 2 glowing golden potions (gained 1)
You now have 201 gold pieces (gained 14).
Found 16 stones.
g - 6 scrolls labelled ESKE XYISI (gained 1)
Found a stone staircase leading down.
w - a fizzy emerald potion
c - 2 scrolls labelled YNEEZ IXKA (gained 1)
An endoplasm comes into view.
The endoplasm quivers.
There is a stone staircase leading down here.
Found 10 gold pieces.
The endoplasm freezes you.
You are frozen.
You sock the endoplasm!
You kill the endoplasm!
No target in view!
No target in view!
You now have 211 gold pieces (gained 10).
You now have 222 gold pieces (gained 11).
Found a spear.
A wyvern comes into view.
The wyvern hisses angrily.
A wyvern is nearby!
The wyvern barely misses you.
You barely miss the wyvern. You headbutt the wyvern!
The wyvern is heavily wounded.
The wyvern bites you!
You sock the wyvern!
The wyvern is almost dead.
The wyvern bites you! x2
You die...

#.# #.# ##.# #..######
##...)...# ###.........##
##)...........##
##..............#
#.....@.........##
........l..........# #
...#...............######
#.###....................
.. ##..............#####
##...........###
##.........##
##.........# ##........#


You could see a wyvern.

Vanquished Creatures
  2 adders
  2 worms (D:2)
  A dart slug (D:2)
  An orc (D:4)
  12 endoplasms
  6 giant cockroaches
  8 goblins
  3 hobgoblins
  4 kobolds
  4 quokkas
  7 ball pythons
  7 bats
  3 frilled lizards
  7 rats
67 creatures vanquished.

Notes
Turn   | Place    | Note
-------+----------+-------------------------------------------
     0 | D:1      | Patoropollo the Minotaur Fighter began the quest for the
                  | Orb.
     0 | D:1      | Reached XP level 1. HP: 19/19 MP: 0/0
    51 | D:1      | Reached skill level 3 in Maces & Flails
   133 | D:1      | Reached XP level 2. HP: 26/26 MP: 1/1
   306 | D:1      | Reached skill level 4 in Maces & Flails
   632 | D:1      | Reached XP level 3. HP: 30/31 MP: 2/2
  1212 | D:2      | Reached skill level 5 in Maces & Flails
  1373 | D:2      | Found Guno's Antique Weapon Emporium.
  1815 | D:3      | Reached XP level 4. HP: 37/39 MP: 3/3
  2965 | D:4      | Found Bevubeats's Antique Armour Shoppe.
  2969 | D:4      | Bought a kite shield for 103 gold pieces
  3355 | D:4      | Noticed a wyvern
  3359 | D:4      | Slain by a wyvern

Illustrated notes

Levels and vault maps discovered:
D:1:      ebering_trefoil_twist, layout_basic, nrook_mini_backslash, hex_tiny,
          nrook_loot_triangle
D:2:      layout_loops_ring, serial_shops, nicolae_shop_statue_plus
D:3:      layout_basic, mrwooster_statue_mirror,
          minmay_fractal_squares_gapless_5
D:4:      layout_cave_pods, serial_shops, shop, minmay_misc_feat_roman

Skill      XL: |  1  2  3 |
---------------+----------+-----
Maces & Flails | 3 4 5 |  5.8
Fighting       | |  3.6
Armour         | |  3.6
Shields        | |  3.6

Action                   |  1- 3 |  4- 6 || total
-------------------------+-------+-------++-------
Melee: Flail             |   103 |    54 ||   157
       Headbutt          |     8 |     9 ||    17
Armor: Scale mail        |    40 |    22 ||    62
Dodge: Dodged            |    42 |    17 ||    59
Block: Buckler           |    33 |     8 ||    41
       Kite shield       |       |     5 ||     5

Table legend: (Time is in decaauts)
 A = Elapsed time spent in this place.
 B = Non-inter-level travel time spent in this place.
 C = Inter-level travel time spent in this place.
 D = Time resting spent in this place.
 E = Time spent auto-exploring this place.
 F = Levels seen in this place.
 G = Mean time per level.
                   A        B        C        D        E       F      G
               +--------+--------+--------+--------+--------+-----+--------+
         Total |   3392 |   3335 |     57 |      0 |   2883 |   4 |  848.0 |
       Dungeon |   3392 |   3335 |     57 |      0 |   2883 |   4 |  848.0 |
               +--------+--------+--------+--------+--------+-----+--------+

Top non-repeatable levels by time:
     D:3: 1198 daAuts
     D:2: 957 daAuts
     D:1: 838 daAuts
     D:4: 397 daAuts
